 Dungeon Crawl Stone Soup version 0.29-a0-323-g050149af67 (webtiles) character file.

Game seed: 1477981056751424176

110447 spaghetti the Spry (level 15, 0/158 HPs)
             Began as a Demigod Brigand on Apr 10, 2022.
             Slain by a merfolk
             ... wielding a +0 trident
              (21 damage)
             ... on level 3 of the Shoals on Apr 11, 2022.
             The game lasted 01:23:44 (42089 turns).

spaghetti the Spry (Demigod Brigand)               Turns: 42089, Time: 01:23:45

Health: 0/158      AC: 14    Str: 16    XL:     15   Next: 59%
Magic:  18/18      EV: 22    Int: 15    God:
Gold:   2627       SH:  0    Dex: 27    Spells: 12/14 levels left

rFire   . . .      SeeInvis +   O - +5 scimitar of Valour {speed, Fly Int+4 Dex-4, long}
rCold   . . .      Faith    .   b - +0 buckler
rNeg    . . .      Spirit   .   p - +2 leather armour "Xehathe" {SInv}
rPois   .          Reflect  .   Z - +1 hat
rElec   .          Harm     .   q - +1 cloak {Will+}
rCorr   .          Rampage  .   L - +1 pair of gloves
Will    ++...                   a - +0 pair of boots
Stlth   +++.......              J - amulet of the acrobat
HPRegen 0.36/turn               V - +4 ring of evasion
MPRegen 0.16/turn               y - +4 ring of evasion

@: about to teleport, flying, held
A: high MP 1, forlorn, divine attributes, dopey 1, robust 1
a: no special abilities


You were on level 3 of the Shoals.
You visited 5 branches of the dungeon, and saw 27 of its levels.

You collected 3843 gold pieces.
You spent 1216 gold pieces at shops.


Innate Abilities, Weirdness & Mutations

You have an increased reservoir of magic. (+10% MP)
You shall have no god before yourself.
Your divine heritage dramatically boosts your attributes as you level up.
You are dopey. (Int -2)
You are robust. (+10% HP)


   Skills:
 - Level 16.0 Fighting
 - Level 1.7(5.0) Short Blades
 + Level 7.4(7.5) Long Blades
 - Level 5.0 Throwing
 - Level 12.0 Armour
 - Level 16.4 Dodging
 - Level 3.6 Stealth


You had 12 spell levels left.
You knew the following spells:

 Your Spells              Type           Power      Damage    Failure   Level
a - Blink                 Tloc           0%         N/A       54%         2

Your spell library contained the following spells:

 Spells                   Type           Power      Damage    Failure   Level
 Animate Skeleton         Necr           0%         N/A       41%         1
 Apportation              Tloc           0%         N/A       41%         1
 Magic Dart               Conj           0%         1d3       41%         1
 Slow                     Hex            0%         N/A       41%         1
 Summon Small Mammal      Summ           0%         N/A       41%         1
 Call Imp                 Summ           0%         N/A       54%         2
 Ensorcelled Hibernation  Hex/Ice        0%         N/A       54%         2
 Passwall                 Tmut/Erth      0%         N/A       54%         2
 Searing Ray              Conj           0%         2d4       54%         2
 Call Canine Familiar     Summ           0%         N/A       78%         3
 Confusing Touch          Hex            0%         N/A       78%         3
 Dazzling Flash           Conj/Hex       0%         N/A       78%         3
 Ignite Poison            Fire/Tmut/Pois 0%         N/A       78%         3
 Lesser Beckoning         Tloc           0%         N/A       78%         3
 Mephitic Cloud           Conj/Pois/Air  0%         N/A       78%         3
 Portal Projectile        Hex/Tloc       0%         N/A       78%         3
 Spider Form              Tmut/Pois      0%         N/A       78%         3
 Summon Guardian Golem    Hex/Summ       0%         N/A       78%         3
 Swiftness                Air            0%         N/A       78%         3
 Tukima's Dance           Hex            0%         N/A       78%         3
 Vampiric Draining        Necr           0%         2d6       78%         3
 Anguish                  Hex/Necr       0%         N/A       99%         4
 Fulminant Prism          Conj/Hex       0%         3d6       99%         4
 Iskenderun's Mystic Bla  Conj/Tloc      0%         2d3       99%         4
 Leda's Liquefaction      Hex/Erth       0%         N/A       99%         4
 Passage of Golubria      Tloc           0%         N/A       99%         4
 Blade Hands              Tmut           0%         N/A       100%        5
 Excruciating Wounds      Necr           0%         N/A       100%        5
 Freezing Cloud           Conj/Ice/Air   0%         6-21      100%        5
 Lee's Rapid Deconstruct  Erth           0%         3d5*      100%        5
 Manifold Assault         Tloc           0%         N/A       100%        5
 Silence                  Hex/Air        0%         N/A       100%        5
 Eringya's Noxious Bog    Tmut/Pois      0%         N/A       100%        6
 Starburst                Conj/Fire      0%         6d3       100%        6
 Statue Form              Tmut/Erth      0%         N/A       100%        6
 Enfeeble                 Hex            0%         N/A       100%        7
 Borgnjor's Revivificati  Necr           0%         N/A       100%        8
 Lehudib's Crystal Spear  Conj/Erth      0%         10d2      100%        8
 Necromutation            Tmut/Necr      0%         N/A       100%        8
 Death's Door             Necr           0%         N/A       100%        9

Inventory:

Hand Weapons
 B - a +9 double sword of draining {longrare=g}
   (You found it on level 2 of the Shoals)
 O - the +5 scimitar of Valour (weapon) {speed, Fly Int+4 Dex-4, long}
   (You bought it in a shop on level 5 of the Dungeon)

   Attacks with this weapon are significantly faster.
   Int:       It affects your intelligence (+4).
   Dex:       It affects your dexterity (-4).
   Fly:       It grants you flight.
 T - a +4 scimitar of flaming {long}
   (You took it off Erica on level 8 of the Dungeon)
Missiles
 d - 37 poisoned darts {throwing}
 f - 413 stones (quivered) {throwing}
 s - 5 throwing nets {=f!fthrowing}
 t - a silver boomerang {throwing}
 x - 6 curare-tipped darts {=fthrowing}
 D - 35 boomerangs {throwing}
 G - 12 atropa-tipped darts {throwing}
 I - 6 javelins {throwing}
Armour
 a - a +0 pair of boots (worn)
   (You found it on level 12 of the Dungeon)
 b - a +0 buckler (worn)
   (You found it on level 10 of the Dungeon)
 c - the +1 leather armour of the Fiend {rF++}
   (You found it on level 2 of the Lair of Beasts)

   rF:        It greatly protects you from fire.
 g - the +0 pair of gloves "Rinku" {Harm Rampage rN+ Str+4}
   (You bought it in a shop on level 2 of the Orcish Mines)

   Str:       It affects your strength (+4).
   rN:        It protects you from negative energy.
   Harm:      It increases damage dealt and taken.
   Rampage:   It bestows one free step when moving towards enemies.
 o - the +4 robe of Folly {Brilliance Will-∞ Int+8}
   (You found it on level 2 of the Dungeon)

   It increases the power of your magical spells.
   It halves the magic cost of your spells (rounding up).
   It reduces your willpower to zero.
   Int:       It affects your intelligence (+8).
 p - the +2 leather armour "Xehathe" (worn) {SInv}
   (You found it on level 4 of the Dungeon)

   SInv:      It lets you see invisible.
 q - a +1 cloak of willpower (worn)
   (You bought it in a shop on level 2 of the Orcish Mines)
 L - a +1 pair of gloves (worn)
   (You found it on level 12 of the Dungeon)
 Z - a +1 hat (worn)
   (You found it on level 9 of the Dungeon)
Magical Staves
 U - a staff of conjuration {!a@e2staff}
   (You found it on level 6 of the Lair of Beasts)
Jewellery
 r - a ring of see invisible
   (You found it on level 1 of the Shoals)
 y - a +4 ring of evasion (right hand)
   (You found it on level 5 of the Dungeon)
 H - a ring of protection from fire
   (You found it on level 15 of the Dungeon)
 J - an amulet of the acrobat (around neck)
   (You found it on level 5 of the Lair of Beasts)
 V - a +4 ring of evasion (left hand)
   (You bought it in a shop on level 8 of the Dungeon)
Wands
 A - a wand of digging (2)
   (You found it on level 2 of the Shoals)
 E - a wand of charming (3)
   (You found it on level 1 of the Shoals)
Scrolls
 h - 2 scrolls of enchant weapon
 j - 4 scrolls of amnesia
 l - 8 scrolls of teleportation {@r4}
 m - a scroll of fog
 n - a scroll of magic mapping {!r}
 w - a scroll of immolation {!r!r}
 F - 4 scrolls of silence {!r}
 N - a scroll of vulnerability {!r!r}
 R - 5 scrolls of enchant armour
 S - 3 scrolls of holy word
 Y - 17 scrolls of identify {@r1}
Potions
 e - 2 potions of lignification {!q}
 i - a potion of cancellation
 k - a potion of resistance
 u - a potion of invisibility
 v - a potion of magic
 z - 4 potions of curing {@q1}
 C - 3 potions of brilliance
 K - 4 potions of attraction {!q}
 M - a potion of flight
 P - 4 potions of mutation {!q}
Miscellaneous
 W - a phantom mirror
   (You found it on level 6 of the Lair of Beasts)

Dungeon Overview and Level Annotations

Branches:
Dungeon (15/15)            Temple (0/1) D:5            Lair (6/6) D:11
 Shoals (3/4) Lair:3       Spider (0/4) Lair:4        Slime (0/5) Lair:5
    Orc (2/2) D:12            Elf (1/3) Orc:2        Vaults (0/5) D:14
 Depths (0/4) D:15

Shops:
D:5 :(*:   D:8 =   D:10 (   Orc:1 (   Orc:2 ([:*   Shoals:1 ?   Shoals:2 **

Annotations:
D:11 exclusion: door
Elf:1 6 runed translucent doors

≈≈≈≈≈≈≈≈≈≈≈≈..m≈........
≈≈≈≈≈≈≈≈≈≈≈≈≈.<.....≈..#
≈≈≈≈≈≈≈≈≈≈≈≈≈≈≈≈[..≈≈...
≈≈≈≈≈≈≈≈≈≈≈≈≈≈≈≈≈..P≈≈..
≈≈≈)≈≈≈≈≈≈≈≈≈≈≈≈....≈P..
≈..≈≈≈≈≈≈≈≈≈≈≈≈≈≈.≈≈PPPP
≈≈..≈≈≈≈≈≈≈≈≈≈≈≈m≈≈.≈≈P.
≈.≈≈≈≈≈≈≈≈≈≈≈≈mm≈≈.≈≈≈P.
...≈≈≈≈≈≈≈≈≈≈≈≈≈@m≈≈≈...
.......≈≈≈≈P≈≈≈≈≈≈≈≈≈...
.##.....≈≈≈≈≈≈≈≈≈≈≈.PPP.
.####....≈≈≈≈P≈≈≈≈≈.....
.# #.##....≈≈≈≈≈≈≈...##
.####.....≈≈≈≈≈≈≈≈....#
..).......≈≈≈≈≈≈≈..(.##
≈≈.......≈≈≈≈≈≈≈....##
≈≈≈.....≈≈≈≈≈≈......#


You could see a merfolk impaler and 3 merfolk.


Message History

You take 4 damage, and now have 110/158 hp.
You closely miss the water elemental.
Your lungs strain for air!
The merfolk completely misses you.
The water elemental completely misses you.
A merfolk comes into view. It is wielding a +0 spear. 😮 HP[-4]
You take 4 damage, and now have 106/158 hp.
You slice the water elemental!!
Your lungs strain for air!
The merfolk impaler barely misses you. The merfolk misses you.
The water elemental completely misses you. 😮 HP[-5]
You take 5 damage, and now have 101/158 hp.
You closely miss the water elemental.
Your lungs strain for air!
The merfolk impaler closely misses you.
The merfolk hits the plant with a +0 trident!!
The plant begins to die.
The merfolk impaler closely misses you.
The merfolk closely misses you. 😮 HP[-4]
You take 4 damage, and now have 97/158 hp.
You slash the water elemental!
Your lungs strain for air!
The water elemental hits you.
The merfolk impaler hits you from afar with a +0 trident.
The merfolk hits the plant with a +0 trident!! 😮 HP[-7]
You take 7 damage, and now have 90/158 hp.
You slash the water elemental!
You destroy the water elemental!
You gasp with relief as air once again reaches your lungs.
The merfolk throws a throwing net.
The throwing net misses you.
The merfolk impaler hits you from afar with a +0 trident. 😮 HP[-3]
You take 3 damage, and now have 87/158 hp.
The merfolk completely misses you. The merfolk impaler barely misses you.
You block the merfolk's attack. The merfolk completely misses you.
The merfolk impaler completely misses you.
You miss the merfolk impaler. You block the merfolk's attack.
The merfolk misses you.
The merfolk throws a throwing net.
The throwing net hits you.
You become entangled in the net!
You hear a splash. 😮 HP[+1] Unknown command.
Unknown command.
Unknown command.
You struggle against the net.
A nearby plant withers and dies.
The merfolk impaler misses you.
The merfolk hits you from afar with a +0 trident!
The merfolk hits you with a +0 glaive!!
* * * LOW HITPOINT WARNING * * *
The merfolk closely misses you.
The merfolk impaler hits you with a +0 trident!
* * * LOW HITPOINT WARNING * * *
😨 HP[-37]
You take 37 damage, and now have 51/158 hp.
MASSIVE DAMAGE!! (PAUSE) Unknown command.
Unknown command.
Okay, then.
Okay, then.
As you read the scroll of teleportation {@r4}, it crumbles to dust.
You feel strangely unstable. The merfolk barely misses you.
The merfolk impaler closely misses you. The merfolk hits you with a +0 glaive!!
* * * LOW HITPOINT WARNING * * *
The merfolk hits you from afar with a +0 spear.
* * * LOW HITPOINT WARNING * * *
😱 HP[-29]
You take 29 damage, and now have 22/158 hp.
Unknown command.
Unknown command.
Unknown command.
Unknown command.
Unknown command.
Unknown command.
Unknown command.
Unknown command.
Unknown command.
Unknown command.
Unknown command.
Unknown command.
Okay, then.
Okay, then.
You feel better.
The merfolk impaler hits you with a +0 trident!
* * * LOW HITPOINT WARNING * * *
The merfolk misses you. The merfolk barely misses you.
The merfolk impaler barely misses you. The merfolk barely misses you. 😱 HP[-7]
You take 7 damage, and now have 15/158 hp.
Unknown command.
Unknown command.
Unknown command.
Unknown command.
You feel better.
The merfolk hits you from afar with a +0 trident!!
You die...

Skill      XL: |  1  2  3  4  5  6  7  8  9 10 11 12 13 14 15 |
---------------+----------------------------------------------+-----
Throwing       | 2 3 4 5 |  5.0
Fighting       | 10 11 13 14 15 16 | 16.0
Dodging        | 2 5 6 9 11 12 14 15 16 | 16.4
Long Blades    | 1 3 7 |  7.4
Armour         | 6 11 12 | 12.0
Short Blades   | |  1.7
Stealth        | |  3.6

Action                   |  1- 3 |  4- 6 |  7- 9 | 10-12 | 13-15 || total
-------------------------+-------+-------+-------+-------+-------++-------
Melee: Dagger            |   147 |    31 |    33 |       |       ||   211
       Punch             |     1 |     3 |     3 |     3 |       ||    10
       Short sword       |       |   131 |       |       |       ||   131
       Scimitar          |       |       |   290 |   709 |  2000 ||  2999
       Rapier            |       |       |       |       |    24 ||    24
       Double sword      |       |       |       |       |    58 ||    58
Throw: Dart              |    37 |     7 |     6 |    17 |    38 ||   105
       Stone             |     5 |    90 |   142 |   165 |   173 ||   575
       Boomerang         |       |       |     5 |    34 |    18 ||    57
       Javelin           |       |       |       |       |    10 ||    10
Evoke: Wand              |       |       |       |     9 |     2 ||    11
  Use: Scroll            |       |     7 |     5 |    17 |    26 ||    55
       Potion            |       |     7 |     2 |     8 |    11 ||    28
 Stab: Sleeping          |    11 |     2 |     4 |     4 |    18 ||    39
       Fleeing           |       |       |       |     1 |       ||     1
       Distracted        |       |       |       |       |     2 ||     2
       Petrified         |       |       |       |       |    19 ||    19
       Invisible         |       |       |       |       |     3 ||     3
Armor: Robe              |    89 |    40 |       |       |       ||   129
       Skin              |       |    16 |       |       |       ||    16
       Leather armour    |       |    45 |    62 |    84 |   235 ||   426
Dodge: Dodged            |   101 |   119 |   258 |   952 |  2839 ||  4269
Block: Buckler           |       |       |       |   111 |   571 ||   682

Levels and vault maps discovered:
D:1:      saegor_arrival_miasma, layout_basic
D:2:      minmay_roachtagon, layout_basic, basic_altar, dk_noncrumbling_3,
          chequers_jeans, minmay_pentomino_x2
D:3:      layout_basic
D:4:      layout_basic, wad_floor_pattern_untrapped, kennysheep_orc_chapel
D:5:      nicolae_cairo_tiling, layout_basic, nzn_wu_jian_contemplation,
          minmay_temple_entry_grid, serial_shops, shop_coins,
          nicolae_shop_behind_doors, shop, nicolae_stop_n_shop_1, uniq_grinder
D:6:      layout_cave_pods, st_stairs_3
D:7:      layout_basic
D:8:      layout_basic, serial_shops, kennysheep_mini,
          hangedman_abyss_or_decor_clamps, st_stairs_2,
          minmay_misc_feat_hallway, uniq_erica
D:9:      layout_loops_corners, lemuel_crystal_altar,
          nicolae_dithmenos_shadow_blocks, hangedman_minor_magic
D:10:     layout_gridville, mainiacjoe_overflow_alcove_1, serial_shops, shop,
          minivault_22, uniq_fannar, uniq_joseph
D:11:     nicolae_hexawheel, layout_basic, lair_entry_dummy,
          nrook_guardian_serpent_double, uniq_erolcha
D:12:     layout_small_grid, orc_0_dummy, minmay_the_grid_square_5x5_3x3_mashed
          [minmay_the_grid_square_5x5_almost_minimal,
          minmay_the_grid_square_5x5_shuriken, minmay_the_grid_square_5x5_empty,
          minmay_the_grid_square_5x5_shrine2,
          minmay_the_grid_square_5x5_megaprize_hollow,
          minmay_the_grid_square_5x5_six, minmay_the_grid_square_5x5_comb,
          minmay_the_grid_square_5x5_doubleslash,
          minmay_the_grid_square_5x5_two_walls_b], uniq_sonja
D:13:     layout_layer_cave, nicolae_elevator_lobby_asterisk
D:14:     hourglass_vault, layout_long_grid, david_vaults_4,
          hangedman_decor_clover_reticule, gauntlet_entry_generic,
          minmay_misc_feat_pillars
D:15:     hangedman_depths_entry_try_elsewhere_first, layout_grid_maze,
          chequers_serial_rivers_micro_b, slow_altar_1
Lair:1:   layout_regular_city, lemuel_centaur_altar
Lair:2:   layout_cave_pods, serial_bayou_shore_a, uniq_urug, uniq_nergalle
Lair:3:   layout_concentric_octagons, elwin_shoals_entry_rocks,
          grunt_megastairs_4, uniq_gastronok
Lair:4:   layout_hall_layers, hellmonk_spider_entry_not_the_bees
Lair:5:   layout_hall_layers, slime_altar_1
Lair:6:   grunt_lair_end_beastmaster, layout_cave_pods, grunt_megastairs_5
Shoals:1: layout_shoals, serial_shops, shop, nicolae_shoals_land_atoll
Shoals:2: layout_shoals, nicolae_specific_store, uniq_polyphemus
Shoals:3: layout_shoals, uniq_roxanne
Orc:1:    layout_caves, basic_altar, serial_shops, shop
Orc:2:    grunt_orc_community_town_hall, layout_caves,
          grunt_orc_community_big_house_1, grunt_orc_community_big_house_1,
          grunt_orc_community_house_1, grunt_orc_community_house_1,
          grunt_orc_community_house_2, grunt_orc_community_house_1,
          bh_open_orc_temple
Elf:1:    nicolae_elf_arrival_dilemma, layout_rooms, hangedman_elf_disciples,
          grunt_megastairs_3

Notes
Turn   | Place    | Note
-------+----------+-------------------------------------------
     0 | D:1      | spaghetti the Demigod Brigand began the quest for the Orb.
     0 | D:1      | Reached XP level 1. HP: 17/17 MP: 3/3
     0 | D:1      | magus.rc [v1.9.6]
    30 | D:1      | Reached skill level 2 in Throwing
   193 | D:1      | Reached XP level 2. HP: 16/24 MP: 4/4
   651 | D:1      | Reached skill level 3 in Throwing
   857 | D:2      | Reached XP level 3. HP: 27/29 MP: 5/5
   964 | D:2      | Found the +4 robe of Folly {Brilliance Will-∞ Int+8}
  1350 | D:2      | Reached skill level 4 in Throwing
  1426 | D:2      | Reached XP level 4. HP: 31/36 MP: 6/6
  2457 | D:3      | Noticed a water moccasin
  2485 | D:3      | Identified a potion of experience
  2485 | D:3      | Reached skill level 10 in Fighting
  2485 | D:3      | Reached XP level 5. HP: 19/59 MP: 7/7
  2485 | D:3      | HP: 10/59 [water moccasin (8)]
  2490 | D:3      | HP: 16/88 [water moccasin (1)]
  2496 | D:3      | HP: 9/88 [water moccasin (5)]
  2498 | D:3      | Gained mutation: You are dopey. (Int -2) [potion of
                  | mutation]
  2498 | D:3      | Gained mutation: You are robust. (+10% HP) [potion of
                  | mutation]
  2500 | D:3      | Killed a water moccasin
  2501 | D:3      | Reached XP level 6. HP: 11/73 MP: 8/8
  2971 | D:4      | Identified the +2 leather armour "Xehathe" {SInv}
  3015 | D:4      | Reached skill level 1 in Dodging
  3318 | D:4      | Reached skill level 5 in Throwing
  3583 | D:4      | Reached skill level 2 in Dodging
  4048 | D:4      | Reached XP level 7. HP: 77/80 MP: 9/9
  4071 | D:4      | Reached skill level 3 in Dodging
  4399 | D:5      | Entered Level 5 of the Dungeon
  4399 | D:5      | Found Punob's Assorted Antiques.
  4405 | D:5      | Noticed Grinder
  4425 | D:5      | Killed Grinder
  4426 | D:5      | Reached skill level 4 in Dodging
  4499 | D:5      | Found Onlu Tur's Book Emporium.
  4670 | D:5      | Reached skill level 5 in Dodging
  4777 | D:5      | Found Deqog's Antique Weapon Shop.
  4790 | D:5      | Bought a transparent scimitar for 270 gold pieces
  4790 | D:5      | Identified the +5 scimitar of Valour {speed, Fly Int+4
                  | Dex-4} (You bought it in a shop on level 5 of the Dungeon)
  4895 | D:5      | Reached skill level 1 in Long Blades
  4895 | D:5      | Reached XP level 8. HP: 88/88 MP: 10/10
  4996 | D:5      | HP: 20/88 [gnoll/+0 spear (5)]
  5492 | D:5      | Reached skill level 2 in Long Blades
  5577 | D:5      | Found a staircase to the Ecumenical Temple.
  5679 | D:5      | Found Pimamuur's Book Shop.
  5890 | D:6      | HP: 21/88 [wight/+5 flail (13)]
  5893 | D:6      | HP: 9/86 [wight/+5 flail (5)]
  6541 | D:6      | Reached skill level 6 in Dodging
  6556 | D:6      | Reached skill level 3 in Long Blades
  7194 | D:7      | You pick up a book of Spatial Translocations and begin
                  | reading...
  7194 | D:7      | You add the spells Blink, Lesser Beckoning and Manifold
                  | Assault to your library.
  7326 | D:7      | Reached XP level 9. HP: 87/94 MP: 11/11
  7342 | D:7      | Learned a level 2 spell: Blink
  7416 | D:7      | You pick up a book of Debilitation and begin reading...
  7416 | D:7      | You add the spells Slow, Vampiric Draining and Confusing
                  | Touch to your library.
  7952 | D:7      | You are sucked into a shaft and drop 2 floors!
  7999 | D:9      | Reached skill level 7 in Dodging
  8750 | D:8      | Reached skill level 8 in Dodging
  9365 | D:7      | You pick up a book of Callings and begin reading...
  9365 | D:7      | You add the spells Summon Small Mammal, Call Canine
                  | Familiar and Summon Guardian Golem to your library.
  9503 | D:8      | Noticed a centaur warrior
  9517 | D:8      | Killed a centaur warrior
  9518 | D:8      | Reached skill level 9 in Dodging
  9518 | D:8      | Reached XP level 10. HP: 63/103 MP: 13/13
  9722 | D:8      | Noticed Erica
  9742 | D:8      | Killed Erica
 10115 | D:8      | Reached skill level 10 in Dodging
 10346 | D:8      | Found Ofeen's Jewellery Shop.
 10349 | D:8      | Bought a +4 ring of evasion for 504 gold pieces
 10927 | D:9      | Noticed a deep elf zephyrmancer
 10937 | D:9      | Killed a deep elf zephyrmancer
 10990 | D:9      | Noticed a deep elf zephyrmancer
 11012 | D:9      | You pick up a book of Minor Magic and begin reading...
 11012 | D:9      | You add the spells Magic Dart, Call Imp and Mephitic Cloud
                  | to your library.
 11089 | D:9      | Killed a deep elf zephyrmancer
 11093 | D:9      | You pick up a book of Minor Magic and begin reading...
 11427 | D:10     | Entered Level 10 of the Dungeon
 11657 | D:8      | Reached skill level 11 in Fighting
 11967 | D:8      | HP: 19/105 [yak (11)]
 12538 | D:10     | Noticed Joseph
 12557 | D:10     | Killed Joseph
 12558 | D:10     | Reached skill level 11 in Dodging
 12558 | D:10     | Reached XP level 11. HP: 77/112 MP: 14/14
 12935 | D:10     | Found Jofaqim's Weapon Shoppe.
 13138 | D:10     | Noticed Fannar
 13164 | D:10     | Killed Fannar
 13639 | D:11     | Noticed a two-headed ogre
 13771 | D:11     | Killed a two-headed ogre
 13845 | D:11     | Reached skill level 12 in Fighting
 13898 | D:11     | You add the spells Borgnjor's Revivification, Necromutation
                  | and Death's Door to your library.
 13900 | D:11     | Noticed an eight-headed hydra
 13910 | D:11     | Killed a three-headed hydra
 14449 | D:11     | Noticed a boulder beetle
 14537 | D:11     | Noticed a two-headed ogre
 14545 | D:11     | Killed a two-headed ogre
 14546 | D:11     | Reached skill level 12 in Dodging
 14548 | D:11     | Noticed an eight-headed hydra
 14552 | D:11     | Noticed a centaur warrior
 14558 | D:11     | HP: 26/115 [six-headed hydra (12)]
 14559 | D:11     | HP: 11/115 [centaur warrior/+0 long sword (15)]
 14560 | D:11     | HP: 5/115 [centaur warrior/+0 long sword (6)]
 14563 | D:11     | Noticed Erolcha
 14567 | D:11     | Killed a centaur warrior
 14955 | D:11     | Killed a boulder beetle
 15342 | D:11     | Killed Erolcha
 15384 | D:11     | Noticed an orc knight
 15395 | D:11     | Killed an orc knight
 15396 | D:11     | Reached skill level 13 in Fighting
 15419 | D:11     | Noticed a deep elf pyromancer
 15430 | D:11     | Killed a deep elf pyromancer
 15481 | D:11     | Noticed an ogre mage
 15484 | D:11     | Noticed a two-headed ogre
 15495 | D:11     | Killed an ogre mage
 15496 | D:11     | Reached XP level 12. HP: 86/126 MP: 15/15
 15501 | D:11     | Killed a two-headed ogre
 15522 | D:11     | Noticed a death knight
 15523 | D:11     | Noticed a death knight
 16019 | D:11     | Killed a death knight
 16141 | D:11     | You add the spells Ignite Poison and Freezing Cloud to your
                  | library.
 16188 | D:11     | Reached skill level 13 in Dodging
 16510 | D:11     | HP: 26/126 [something] (13)]
 16841 | D:11     | Found a staircase to the Lair.
 16865 | D:11     | Noticed a yaktaur captain
 16877 | D:11     | Killed a death knight
 16882 | D:11     | Killed a yaktaur captain
 16913 | Lair:1   | Entered Level 1 of the Lair of Beasts
 17674 | D:11     | Killed a two-headed hydra
 17872 | D:12     | Reached skill level 14 in Fighting
 17890 | D:12     | Found a staircase to the Orcish Mines.
 17994 | D:12     | You pick up a book of Dreams and begin reading...
 17994 | D:12     | You add the spells Ensorcelled Hibernation, Spider Form and
                  | Anguish to your library.
 18130 | D:12     | Noticed a boulder beetle
 18155 | D:12     | Killed a boulder beetle
 18338 | D:12     | Noticed a two-headed ogre
 18346 | D:12     | Killed a two-headed ogre
 18347 | D:12     | Reached skill level 14 in Dodging
 18347 | D:12     | Noticed a boulder beetle
 18372 | D:12     | Killed a boulder beetle
 18409 | D:12     | You pick up a book of Conjurations {@e2} and begin
                  | reading...
 18409 | D:12     | You add the spells Searing Ray and Fulminant Prism to your
                  | library.
 18411 | D:12     | You pick up a book of Weapons and begin reading...
 18411 | D:12     | You add the spells Portal Projectile, Excruciating Wounds
                  | and Blade Hands to your library.
 18489 | D:12     | Identified the +2 robe "Wuemigh" {Harm Int-3 Dex+4}
 18547 | D:12     | Noticed a seven-headed hydra
 18555 | D:12     | Killed a four-headed hydra
 19060 | D:12     | You pick up a book of Spectacle and begin reading...
 19060 | D:12     | You add the spells Dazzling Flash, Iskenderun's Mystic
                  | Blast and Starburst to your library.
 19098 | D:12     | Noticed Sonja
 19111 | D:12     | Killed Sonja
 19262 | D:12     | Got the Handbook of the Compass
 19421 | D:13     | Noticed a centaur warrior
 19427 | D:13     | Killed a centaur warrior
 19428 | D:13     | Reached XP level 13. HP: 137/137 MP: 16/16
 19547 | D:13     | Reached skill level 1 in Armour
 20139 | D:13     | Reached skill level 2 in Armour
 20295 | D:13     | You pick up a book of Cantrips and begin reading...
 20295 | D:13     | You add the spells Animate Skeleton and Apportation to your
                  | library.
 20730 | D:13     | You pick up a book of Burglary and begin reading...
 20730 | D:13     | You add the spells Passwall and Swiftness to your library.
 20902 | Orc:1    | Entered Level 1 of the Orcish Mines
 20932 | Orc:2    | Entered Level 2 of the Orcish Mines
 21284 | Orc:1    | Reached skill level 15 in Fighting
 21284 | Orc:1    | Found Aptim's Antique Weapon Shop.
 21508 | Orc:1    | Reached skill level 3 in Armour
 21736 | Orc:1    | Noticed an orc warlord
 21901 | D:12     | HP: 20/138 [orc warlord/+0 great sword (32)]
 21902 | D:12     | Killed an orc warlord
 22541 | Orc:1    | You are sucked into a shaft and drop 1 floor!
 22613 | Orc:2    | Found a staircase to the Elven Halls.
 22789 | Orc:2    | Found Fiacac's General Store.
 22907 | Orc:2    | Reached skill level 4 in Armour
 22910 | Orc:2    | Found Udghar's Book Boutique.
 23254 | Orc:2    | Reached skill level 15 in Dodging
 23670 | Orc:2    | Noticed an orc warlord
 24552 | Orc:2    | HP: 28/139 [orc warlord/+2 halberd of protection (27)]
 24575 | Orc:2    | Killed an orc warlord
 24576 | Orc:2    | Reached skill level 5 in Armour
 25092 | Orc:2    | Found Comipnoi's Antique Armour Shop.
 25100 | Orc:2    | Found Epok's Antique Weapon Boutique.
 25138 | Orc:2    | Bought a pair of distressingly furry gloves for 247 gold
                  | pieces
 25138 | Orc:2    | Identified the +0 pair of gloves "Rinku" {Harm Rampage rN+
                  | Str+4} (You bought it in a shop on level 2 of the Orcish
                  | Mines)
 25171 | Orc:2    | Bought an embroidered cloak for 195 gold pieces
 25447 | Elf:1    | Entered Level 1 of the Elven Halls
 25447 | Elf:1    | Noticed a deep elf sorcerer
 25447 | Elf:1    | Noticed a deep elf annihilator
 25447 | Elf:1    | Found a runed translucent gate.
 25447 | Elf:1    | Found a runed translucent gate.
 25447 | Elf:1    | Found a runed translucent gate.
 25447 | Elf:1    | Found a runed translucent gate.
 25447 | Elf:1    | Found a runed translucent gate.
 25447 | Elf:1    | Found a runed translucent gate.
 25946 | Lair:2   | Identified the +1 leather armour of the Fiend {rF++}
 26284 | Lair:2   | Noticed Urug
 26315 | Lair:2   | Killed Urug
 26733 | Lair:2   | Noticed Nergalle
 26752 | Lair:2   | Killed Nergalle
 27112 | Lair:3   | Noticed Gastronok
 27147 | Lair:3   | Killed Gastronok
 27148 | Lair:3   | Reached skill level 6 in Armour
 27353 | Lair:3   | Found a staircase to the Shoals.
 27453 | Lair:3   | You are sucked into a shaft and drop 1 floor!
 27460 | Lair:4   | Reached XP level 14. HP: 145/149 MP: 17/17
 27478 | Lair:4   | You add the spells Statue Form and Eringya's Noxious Bog to
                  | your library.
 27478 | Lair:4   | Got the Almanac of Unstable Confrontation
 27645 | Lair:4   | Reached skill level 16 in Fighting
 27671 | Lair:4   | Found a hole to the Spider Nest.
 27960 | Lair:5   | Reached skill level 7 in Armour
 28244 | Lair:5   | Found a staircase to the Slime Pits.
 28617 | Lair:6   | Entered Level 6 of the Lair of Beasts
 28894 | Lair:6   | Reached skill level 8 in Armour
 29449 | Lair:6   | Reached skill level 9 in Armour
 30603 | D:14     | HP: 17/150 [skeletal warrior/+0 halberd[a skeletal warrior]
                  | (23)]
 30609 | D:14     | Found a gate leading to a gauntlet.
 31135 | D:14     | Reached skill level 10 in Armour
 31679 | D:14     | Found a gate to the Vaults.
 31773 | D:14     | HP: 35/150 [ettin/+0 dire flail (22)]
 33067 | D:15     | Entered Level 15 of the Dungeon
 33646 | D:15     | Found a staircase to the Depths.
 34100 | D:15     | You pick up a book of the Moon and begin reading...
 34100 | D:15     | You add the spells Silence and Lehudib's Crystal Spear to
                  | your library.
 34116 | D:15     | Identified the +1 plate armour "Jueheczy" {rElec rPois
                  | Dex-3}
 34996 | D:15     | Reached skill level 11 in Armour
 35438 | Shoals:1 | Entered Level 1 of the Shoals
 36276 | Shoals:1 | Reached XP level 15. HP: 96/158 MP: 18/18
 36746 | Shoals:1 | HP: 32/158 [water nymph/the raging water (32)]
 36747 | Shoals:1 | Reached skill level 16 in Dodging
 37409 | Shoals:1 | HP: 36/158 [manticore/volley of spikes (8)]
 37449 | Shoals:1 | HP: 39/158 [harpy (11)]
 37807 | Shoals:1 | Found Reask's Magic Scroll Shoppe.
 38621 | Shoals:1 | HP: 29/158 [drowned by a water nymph (13)]
 38668 | Shoals:1 | HP: 13/158 [water nymph/the raging water (21)]
 39182 | Shoals:2 | Reached skill level 12 in Armour
 39204 | Shoals:2 | B - a +2 double sword of freezing {longrare=g}
 39205 | Shoals:2 | your +2 double sword of freezing {longrare=g} glows red for
                  | a moment.
 39206 | Shoals:2 | your +3 double sword of freezing {longrare=g} glows red for
                  | a moment.
 39207 | Shoals:2 | your +4 double sword of freezing {longrare=g} glows red for
                  | a moment.
 39208 | Shoals:2 | your +5 double sword of freezing {longrare=g} glows red for
                  | a moment.
 39209 | Shoals:2 | your +6 double sword of freezing {longrare=g} glows red for
                  | a moment.
 39210 | Shoals:2 | your +7 double sword of freezing {longrare=g} glows red for
                  | a moment.
 39211 | Shoals:2 | your +8 double sword of freezing {longrare=g} glows red for
                  | a moment.
 39212 | Shoals:2 | your +9 double sword of freezing {longrare=g} glows with a
                  | cold blue light!
 39212 | Shoals:2 | B - a +9 double sword of freezing (weapon) {longrare=g}
 39213 | Shoals:2 | your +9 double sword of freezing {longrare=g} craves living
                  | souls!
 39213 | Shoals:2 | B - a +9 double sword of draining (weapon) {longrare=g}
 39242 | Shoals:2 | Found Tuudac's Specific Store.
 39252 | Shoals:2 | Noticed Polyphemus
 39254 | Shoals:2 | Found Cuigevig's General Store.
 39478 | Shoals:2 | Reached skill level 4 in Long Blades
 39708 | Shoals:2 | You pick up a book of Maledictions and begin reading...
 39708 | Shoals:2 | You add the spells Tukima's Dance and Enfeeble to your
                  | library.
 39766 | Shoals:2 | Killed Polyphemus
 39767 | Shoals:2 | Reached skill level 5 in Long Blades
 40864 | Shoals:3 | Reached skill level 6 in Long Blades
 41287 | Shoals:3 | Identified the +1 battleaxe of Infection {vorpal, SInv}
 41518 | Shoals:3 | Reached skill level 7 in Long Blades
 41625 | Shoals:3 | Noticed Roxanne
 41658 | Shoals:3 | HP: 22/158 [Roxanne/crystal spear (82)]
 41660 | Shoals:3 | B - a +9 double sword of draining (weapon) {longrare=g}
 41666 | Shoals:3 | Killed Roxanne
 41715 | Shoals:3 | You pick up a book of the Earth and begin reading...
 41715 | Shoals:3 | You add the spells Leda's Liquefaction and Lee's Rapid
                  | Deconstruction to your library.
 42087 | Shoals:3 | HP: 27/158 [merfolk/+0 glaive (24)]
 42089 | Shoals:3 | Slain by a merfolk

Vanquished Creatures
  Polyphemus (Shoals:2)
  Gastronok (Lair:3)
  Roxanne (Shoals:3)
  2 orc warlords
  A dire elephant (D:15)
  An ettin (D:14)
  A merfolk impaler (Shoals:2)
  Fannar (D:10)
  A yaktaur captain (D:11)
  An ogre mage (D:11)
  Erolcha (D:11)
  4 boulder beetles
  2 merfolk aquamancers
  7 hydras
  7 centaur warriors
  2 death knights (D:11)
  2 alligator snapping turtles
  5 two-headed ogres
  3 catoblepae
  3 merfolk avatars
  Erica (D:8)
  A two-headed ogre (shapeshifter) (D:15)
  5 death yaks
  A deep troll shaman (Lair:6)
  2 tengu warriors
  Urug (Lair:2)
  Nergalle (Lair:2)
  Sonja (D:12)
  5 orc high priests
  7 skeletal warriors
  A fire crab (D:11)
  10 sea snakes
  A shadow wraith (D:14)
  3 harpies (Shoals:1)
  2 lindwurms
  2 wolf spiders
  2 deep elf zephyrmancers (D:9)
  An orc knight (D:11)
  2 ugly things
  4 cyclopes
  2 deep elf pyromancers
  3 fauns
  4 orc sorcerers
  15 manticores
  Joseph (D:10)
  A salamander (D:15)
  3 merfolk sirens
  A guardian serpent (D:11)
  3 elephants (Lair:6)
  6 water nymphs
  2 gargoyles
  2 black mambas
  4 cane toads
  A torpor snail (shapeshifter) (D:14)
  2 cane toads (shapeshifter)
  3 unseen horrors
  11 komodo dragons
  2 rime drakes (Lair:4)
  2 kobold demonologists
  An efreet (D:15)
  A polar bear (Lair:2)
  10 merfolk
  A meliai (Lair:4)
  A wind drake (Shoals:3)
  10 trolls
  Grinder (D:5)
  A hornet (shapeshifter) (D:14)
  10 blink frogs (Lair:6)
  A blink frog (shapeshifter) (D:14)
  5 slime creatures
  A hornet (D:9)
  8 snapping turtles
  A vampire (D:11)
  3 shadows
  3 wraiths
  7 water elementals
  2 wyverns
  A centaur simulacrum (D:11)
  2 steam dragons
  3 basilisks
  22 yaks
  10 wargs
  6 vampire mosquitoes
  2 acid dragons
  14 water moccasins
  A swamp drake (D:9)
  37 orc warriors
  2 ice beasts
  A sky beast (D:7)
  4 black bears
  6 ogres
  7 centaurs
  5 wolves (Lair:6)
  4 boggarts (D:15)
  10 bullfrogs
  3 necrophages
  3 gnoll sergeants
  A scorpion (D:5)
  11 wights
  13 killer bees
  8 howler monkeys
  A crimson imp (D:9)
  A hound (D:6)
  16 orc priests
  7 iguanas
  2 gnoll shamans
  An iron imp (D:9)
  4 hell rats (Lair:6)
  25 orc wizards
  18 gnolls
  10 adders
  2 shadow imps
  2 white imps
  2 ufetubi
  2 worms
  5 dart slugs
  112 orcs
  3 endoplasms
  11 giant cockroaches
  8 goblins
  8 hobgoblins
  6 jackals
  4 quokkas
  4 ball pythons
  9 bats
  2 frilled lizards (D:1)
  5 kobolds
  7 rats
688 creatures vanquished.

Vanquished Creatures (collateral kills)
  A boulder beetle (D:12)
  2 manticores
  A kobold demonologist (D:12)
  A basilisk (D:12)
5 creatures vanquished.

Vanquished Creatures (others)
  A merfolk (Shoals:1)
  2 orc priests (Orc:1)
  2 orcs
  8 fungi
  23 plants
36 creatures vanquished.

Grand Total: 729 creatures vanquished

Table legend:
 A = Non-vault XP
 B = Vault XP
 C = Vault XP percentage of total XP
 D = Non-vault monster count
 E = Vault monster count
 F = Vault count percentage of total count
                 A         B        C        D         E       F
            +---------+---------+-------+---------+---------+-------
      Total |  100205 |   57419 |  36.4 |     503 |     190 |  27.4
            +---------+---------+-------+---------+---------+-------
        D:1 |      32 |       0 |   0.0 |      20 |       0 |   0.0
        D:2 |      76 |      20 |  20.8 |      23 |       9 |  28.1
        D:3 |     183 |       0 |   0.0 |      20 |       0 |   0.0
        D:4 |     380 |      94 |  19.8 |      18 |       5 |  21.7
        D:5 |    1024 |     286 |  21.8 |      26 |       1 |   3.7
        D:6 |     398 |     144 |  26.6 |      16 |       3 |  15.8
        D:7 |     954 |       0 |   0.0 |      16 |       0 |   0.0
        D:8 |    2981 |     949 |  24.1 |      29 |       3 |   9.4
        D:9 |    3129 |    1602 |  33.9 |      34 |      17 |  33.3
       D:10 |    1823 |    1387 |  43.2 |      14 |       2 |  12.5
       D:11 |    5868 |   13086 |  69.0 |      17 |      22 |  56.4
       D:12 |    8103 |    4722 |  36.8 |      29 |      10 |  25.6
       D:13 |    6509 |       0 |   0.0 |      15 |       0 |   0.0
       D:14 |    7544 |    5900 |  43.9 |      14 |       9 |  39.1
       D:15 |    7573 |    2275 |  23.1 |      18 |       5 |  21.7
     Lair:1 |     147 |       0 |   0.0 |       1 |       0 |   0.0
     Lair:2 |    2440 |    1567 |  39.1 |       8 |       2 |  20.0
     Lair:3 |    1521 |    1940 |  56.1 |       8 |       3 |  27.3
     Lair:4 |    3461 |     476 |  12.1 |      10 |       4 |  28.6
     Lair:5 |    2681 |       0 |   0.0 |      14 |       0 |   0.0
     Lair:6 |    2732 |    9270 |  77.2 |      11 |      23 |  67.6
   Shoals:1 |   16081 |       0 |   0.0 |      33 |       0 |   0.0
   Shoals:2 |    9138 |    3997 |  30.4 |      18 |       4 |  18.2
   Shoals:3 |    8191 |    1360 |  14.2 |      17 |       1 |   5.6
      Orc:1 |    4479 |       0 |   0.0 |      30 |       0 |   0.0
      Orc:2 |    2757 |    8344 |  75.2 |      44 |      67 |  60.4
            +---------+---------+-------+---------+---------+-------

Illustrated notes

Table legend:
 A = Kills in this place as a percentage of kills in entire the game.
 B = Kills by you in this place as a percentage of kills by you in the entire game.
 C = Kills by friends in this place as a percentage of kills by friends in the entire game.
 D = Other kills in this place as a percentage of other kills in the entire game.
 E = Experience gained in this place as a percentage of experience gained in the entire game.
 F = Experience gained in this place divided by the number of levels of this place that you have seen.
                   A       B       C       D       E      F
               +-------+-------+-------+-------+-------+----------------------
         Total | 100.0 | 100.0 | 100.0 |   N/A | 100.0 | 5837.9
       Dungeon |  57.0 |  56.8 |  80.0 |   N/A |  48.9 | 5136.1
          Lair |  12.1 |  12.2 |   0.0 |   N/A |  16.6 | 4372.5
        Shoals |  10.5 |  10.5 |  20.0 |   N/A |  24.6 | 12922.3
  Orcish Mines |  20.3 |  20.5 |   0.0 |   N/A |   9.9 | 7790.0
               +-------+-------+-------+-------+-------+----------------------

Table legend: (Time is in decaauts)
 A = Elapsed time spent in this place.
 B = Non-inter-level travel time spent in this place.
 C = Inter-level travel time spent in this place.
 D = Time resting spent in this place.
 E = Time spent auto-exploring this place.
 F = Levels seen in this place.
 G = Mean time per level.
                   A        B        C        D        E       F      G
               +--------+--------+--------+--------+--------+-----+--------+
         Total |  41633 |  39780 |   1853 |  14508 |  18848 |  27 | 1542.0 |
       Dungeon |  26248 |  24965 |   1283 |   9100 |  12185 |  15 | 1749.9 |
          Lair |   5681 |   5401 |    280 |   1165 |   3389 |   6 |  946.8 |
        Shoals |   5879 |   5691 |    188 |   2735 |   1966 |   3 | 1959.7 |
  Orcish Mines |   3822 |   3721 |    101 |   1507 |   1308 |   2 | 1911.0 |
   Elven Halls |      1 |      1 |      0 |      0 |      0 |   1 |    1.0 |
               +--------+--------+--------+--------+--------+-----+--------+

Top non-repeatable levels by time:
    D:11: 3598 daAuts
   Orc:2: 3101 daAuts
Shoals:1: 3039 daAuts
    D:12: 2558 daAuts
    D:14: 2182 daAuts
    D:13: 2148 daAuts
     D:9: 2082 daAuts
     D:8: 2078 daAuts
Shoals:2: 1933 daAuts
    D:15: 1851 daAuts
  Lair:6: 1700 daAuts
    D:10: 1578 daAuts
     D:4: 1558 daAuts
  Lair:2: 1446 daAuts
     D:5: 1397 daAuts
